Get step-by-step instructions on how to execute this build order below. Start the game timer, and the build order will tick by so you can play in parallel with StarCraft on a second screen or mobile device.

Game Time

  0:00

Last Step

  N/A

Next Step

Upcoming Step



Don't want to look back and forth between 2 screens? Try out our Overwolf App, the Spawning Tool Build Advisor to get an in-game overlay with this build!

Complete Build Order

  12  0:00  Probe  
  13  0:12  Probe  
  14  0:17  Pylon  
  14  0:24  Probe  
  15  0:35  Gateway  
  15  0:38  Probe (Chrono Boost)  
  16  0:43  Assimilator  
  16  0:48  Probe (Chrono Boost)  
  17  0:52  Probe (Chrono Boost)  
  18  1:04  Probe  
  19  1:16  Probe  
  20  1:24  Cybernetics Core  
  20  1:33  Nexus  
  20  1:37  Probe  
  21  1:42  Pylon  
  21  1:49  Probe  
  21  1:52  Assimilator  
  22  1:57  Adept (Chrono Boost)  
  24  2:04  Shield Battery  
  24  2:08  Probe  
  25  2:11  Warp Gate  
  25  2:18  Adept (Chrono Boost)  
  25  2:20  Probe  
  28  2:31  Twilight Council  
  28  2:34  Probe  
  29  2:42  Stalker  
  31  2:48  Probe  
  32  2:54  Probe  
  33  3:00  Blink (Chrono Boost), Probe  
  34  3:06  Probe  
  35  3:13  Probe  
  35  3:18  Probe  
  37  3:23  Gateway  
  37  3:25  Probe  
  38  3:30  Probe  
  38  3:31  Gateway  
  38  3:33  Sentry  
  41  3:38  Probe  
  42  3:43  Probe  
  42  3:44  Pylon  
  43  3:50  Probe  
  43  3:55  Probe  
  43  4:04  Phoenix  
  43  4:05  Probe  
  43  4:07  Stalker  
  43  4:09  Nexus  
  44  4:13  Probe  
  44  4:14  Pylon  
  45  4:17  Probe  
  45  4:19  Stalker  
  48  4:27  Stalker  
  48  4:29  Pylon  
  50  4:32  Probe x2  
  50  4:35  Stalker  
  54  4:43  Stalker  
  54  4:44  Probe  
  57  4:46  Probe  
  58  4:53  Stalker  
  58  4:56  Probe  
  58  4:58  Probe  
  62  5:03  Forge  
  62  5:04  Forge  
  62  5:05  Charge  
  62  5:08  Probe  
  62  5:10  Probe  
  64  5:20  Nexus, Probe  
  65  5:24  Probe x2  
  65  5:26  Protoss Ground Weapons Level 1 (Chrono Boost)  
  65  5:28  Sentry  
  69  5:32  Pylon  
  69  5:33  Probe  
  70  5:38  Protoss Ground Armor Level 1 (Chrono Boost)  
  70  5:39  Probe x2  
  72  5:45  Probe  
  73  5:50  Gateway, Zealot x2  
  73  5:51  Probe  
  73  5:52  Probe  
  79  5:57  Probe  
  78  6:04  Probe  
  78  6:05  Zealot  
  80  6:11  Probe  
  80  6:13  Stalker x2  
  80  6:14  Probe  
  80  6:16  Probe  
  80  6:17  Gateway x2  
  86  6:22  Pylon  
  86  6:23  Probe  
  85  6:26  Probe  
  85  6:28  Probe  
  87  6:34  Probe  
  87  6:35  Probe  
  87  6:38  Probe  
  90  6:40  Zealot x3  
  90  6:41  Probe  
  90  6:44  Gateway  
  90  6:45  Gateway  
  90  6:46  Gateway, Probe  
  98  6:47  Probe  
  98  6:50  Zealot, Probe, Pylon  
  98  6:53  Probe  
  103  7:02  Zealot x3  
  103  7:04  Robotics Facility  
  109  7:12  Protoss Ground Armor Level 2 (Chrono Boost)  
  109  7:13  Zealot x3  
  109  7:14  Pylon  
  115  7:16  Protoss Ground Weapons Level 2 (Chrono Boost)  
  115  7:18  Pylon  
  115  7:22  Nexus  
  109  7:29  Zealot x3  
  115  7:35  Gateway, Zealot x3  
  121  7:42  Pylon  
  121  7:44  Zealot x3  
  121  7:51  Zealot x3  
  133  7:53  Observer  
  133  7:57  Pylon  
  133  7:58  Zealot x3  
  136  8:01  Gateway  
  138  8:07  Zealot x3  
  138  8:12  Pylon, Probe x4  
  148  8:14  Gateway, Pylon  
  146  8:20  Zealot  
  146  8:24  Zealot x4  
  156  8:30  Warp Prism (Chrono Boost)  
  156  8:33  Pylon  
  158  8:35  Zealot x5, Pylon  
  168  8:43  Zealot  
  160  8:52  Zealot x4  
  139  9:02  Zealot x6  
  145  9:06  Stalker  
  139  9:11  Nexus  
  123  9:17  Stalker x5  
  123  9:23  Probe x5  
  137  9:25  Pylon  
  137  9:28  Protoss Ground Armor Level 3 (Chrono Boost), Protoss Ground Weapons Level 3 (Chrono Boost)  
  137  9:31  Zealot x7  
  145  9:35  Probe  
  152  9:44  Zealot x5  
  162  9:46  Probe  
  162  9:47  Probe x3  
  164  9:59  Zealot x7  
  160  10:10  Zealot x5  
  152  10:23  Zealot x7  
  152  10:24  Immortal  
  152  10:27  Observer  
  154  10:34  Zealot x5  
  164  10:41  Gateway  
  164  10:42  Gateway x2  
  154  10:45  Observer, Gateway, Probe x5  
  154  10:46  Zealot x6  
  171  10:56  Zealot x6  
  183  10:57  Pylon  
  183  11:00  Pylon  
  183  11:03  Assimilator  
  183  11:04  Assimilator  
  183  11:06  Robotics Facility, Robotics Bay  
  183  11:13  Assimilator  
  183  11:14  Robotics Facility  
  177  11:20  Warp Prism (Chrono Boost)  
  167  11:29  Zealot x9  
  167  11:30  Zealot x3  
  183  11:46  Zealot x4  
  169  11:50  Zealot x12  
  193  11:54  Nexus  
  193  11:55  Disruptor  
  193  12:19  Zealot x6  
  193  12:21  Pylon  
  193  12:22  Disruptor (Chrono Boost)  
  193  12:24  Pylon  
  193  12:26  Pylon  
  193  12:28  Pylon  
  191  12:32  Gateway  
  191  12:34  Dark Shrine  
  191  12:36  Gateway x2  
  180  12:37  Gateway x2  
  180  12:39  Gateway  
  180  12:43  Immortal x2 (Chrono Boost)  
  172  12:47  Assimilator  
  172  12:51  Assimilator  
  180  12:52  Observer  
  180  12:53  Immortal (Chrono Boost)  
  180  12:55  Zealot x4  
  180  12:56  Zealot x3  
  194  13:03  Observer  
  177  13:06  Assimilator  
  171  13:17  Immortal x2 (Chrono Boost)  
  180  13:27  Probe x4  
  180  13:28  Observer, Probe  
  184  13:38  Cybernetics Core  
  184  13:40  Pylon  
  184  13:42  Pylon  
  184  13:44  Pylon  
  184  13:52  Pylon  
  184  13:53  Pylon  
  182  13:58  Probe  
  182  14:00  Pylon  
  157  14:13  Dark Templar x2  
  157  14:15  Dark Templar  
  157  14:16  Zealot x3  
  169  14:19  Assimilator, Probe x5  
  169  14:20  Assimilator, Pylon  
  169  14:21  Pylon  
  174  14:28  Immortal x2  
  183  14:31  Probe x3  
  181  14:39  Zealot x2  
  181  14:42  Zealot  
  157  14:49  Zealot x3  
  157  14:51  Nexus  
  137  15:00  Zealot x2  
  101  15:18  Stalker x4  
  115  15:22  Zealot x2  
  113  15:40  Gateway  
  113  15:41  Gateway  
  101  15:43  Gateway  
  101  15:44  Gateway  
  101  15:46  Gateway, Stalker x6  
  101  15:47  Gateway  
  101  15:48  Shield Battery  
  101  15:49  Gateway  
  93  15:50  Shield Battery